 Dungeon Crawl Stone Soup version 0.32-a0-705-g60f233581c (webtiles) character file.

Game seed: 15271956217185088398

107 funkygono the Firebug (level 4, 0/24 HPs)
             Began as a Gargoyle Fire Elementalist on Mar 14, 2024.
             Slain by a gnoll
             ... wielding a +0 whip
              (2 damage)
             ... on level 2 of the Dungeon.
             The game lasted 00:04:16 (3153 turns).

funkygono the Firebug (Gargoyle Fire Elementalist)  Turns: 3153, Time: 00:04:16

Health: 0/24       AC: 13    Str: 11    XL:     4   Next: 85%
Magic:  1/8        EV: 11    Int: 18    God:
Gold:   115        SH:  0    Dex: 10    Spells: 2/8 levels left

rFire   . . .        j - +0 club (protect)
rCold   . . .        (no shield)
rNeg    + . .        a - +0 robe
rPois   ∞            (no helmet)
rElec   +            (no cloak)
rCorr   .            (no gloves)
SInv    +            n - +0 pair of boots
Will    .....        (no amulet)
Stlth   ++           f - ring of flight
HPRegen 0.24/turn    d - ring of see invisible
MPRegen 0.11/turn

%: no passive effects
@: under a protective aura, flying
A: sickness immunity, AC +3, negative energy resistance 1, electricity
resistance, torment resistance 1, petrification resistance
a: no special abilities


You were on level 2 of the Dungeon.
You visited 1 branch of the dungeon, and saw 3 of its levels.

You collected 115 gold pieces.

Inventory:

Hand Weapons
 j - a +0 club of protection (weapon)
Armour
 a - a +0 robe (worn)
 n - a +0 pair of boots (worn)
Jewellery
 d - a ring of see invisible (right hand)
 f - a ring of flight (left hand)
 m - an amulet of guardian spirit
Scrolls
 h - 3 scrolls of teleportation
 l - a scroll of revelation
Potions
 b - a potion of magic
 c - a potion of heal wounds {unknown}
 e - 2 potions of brilliance
 g - a potion of berserk rage {unknown}
 i - a potion of attraction {unknown}
 k - a potion of curing {unknown}
 p - a potion of mutation {unknown}


   Skills:
 + Level 0.9 Maces & Flails
 + Level 1.7 Dodging
 + Level 2.6 Stealth
 + Level 2.9 Spellcasting
 + Level 2.0 Conjurations
 + Level 4.0 Fire Magic


You had 2 spell levels left.
You knew the following spells:

 Your Spells              Type           Power      Damage    Failure   Level
a - Foxfire               Conj/Fire      52%        2x1d6     4%          1
b - Scorch                Fire           34%        2d6       4%          2
c - Volatile Blastmotes   Fire/Tloc      18%        2d11      22%         3

Your spell library contained the following spells:

 Spells                   Type           Power      Damage    Failure   Level
 Kiss of Death            Conj/Necr      24%        2d7       11%         1
 Inner Flame              Hex/Fire       9%         N/A       22%         3
 Flame Wave               Conj/Fire      13%        2d6       43%         4
 Confusing Touch          Hex            2%         N/A       45%         3
 Dispel Undead            Necr           2%         3d7       86%         4


Dungeon Overview and Level Annotations

Branches:
Dungeon (3/15)

Altars:


Innate Abilities, Weirdness & Mutations

You are immune to sickness and miasma.
Your stone body is resilient. (AC +3)
You are immune to poison.
You resist negative energy. (rN+)
You are resistant to electric shocks. (rElec)
You are resistant to unholy torment.
You are immune to petrification.


Message History

The gnoll hits you with a +0 whip.
* * * LOW HITPOINT WARNING * * *
You hit the gnoll but do no damage.
Your weapon exudes an aura of protection.
The gnoll is moderately wounded.
The gnoll closely misses you.
Casting: Scorch (safe; 4% risk of failure)
Confirm with . or Enter, or press ? or * to list all spells.
You don't have enough magic to cast this spell.
Unknown command.
The gnoll is no longer more vulnerable to fire.
The foxfire hits the gnoll.
The gnoll is heavily wounded.
The gnoll attacks as it pursues you! The gnoll barely misses you.
The gnoll attacks as it pursues you! The gnoll hits you but does no damage.
Casting: Scorch (safe; 4% risk of failure)
Confirm with . or Enter, or press ? or * to list all spells.
You conjure some foxfire!
The gnoll barely misses you.
You hit the gnoll but do no damage.
Your weapon exudes an aura of protection.
The gnoll is moderately wounded.
The foxfire hits the gnoll.
The gnoll is heavily wounded.
The foxfire hits the gnoll but does no damage.
The gnoll is heavily wounded.
The gnoll closely misses you.
You hit the gnoll.
The gnoll is severely wounded.
The gnoll hits you but does no damage. x2
You barely miss the gnoll.
The gnoll is severely wounded.
The gnoll misses you.
You hit the gnoll but do no damage.
The gnoll is severely wounded.
The gnoll hits you with a +0 whip.
* * * LOW HITPOINT WARNING * * *
You hit the gnoll but do no damage.
The gnoll is severely wounded.
The gnoll hits you with a +0 whip.
You die...

...#.#### ####.##.........####..
#.......# #........###.##.# #..
#.##.##.## #.##.........##.# #.#
.........# #.#####.........## #.#
..##.##..# #.# #....#####...###.#
.........# #w# #.##.# ##.....##.#
.........# #.###.##§###.......#.#
#.......####.##...#>##..........#
................@g...+.......(..)
#.......#######.(.####......)..#.
#.......# ###.## ##.......##.
#.......# #...# ##....>####
####.#### #.### ##...## # #.# #.#
##'## # #.# #.# #.# # ####.# #.#
#.# # .....# #.# ###.## #


You could see a gnoll.

Vanquished Creatures
  A gnoll (D:3)
  3 adders (D:2)
  2 ribbon worms (D:2)
  A dart slug (D:1)
  4 orcs (D:3)
  5 ball pythons
  6 endoplasms
  3 giant cockroaches
  5 goblins
  2 hobgoblins (D:1)
  3 jackals (D:1)
  3 kobolds
  4 quokkas (D:1)
  6 bats
  4 frilled lizards
  A rat (D:1)
53 creatures vanquished.

Vanquished Creatures (others)
  192 foxfires
192 creatures vanquished.

Grand Total: 245 creatures vanquished

Notes
Turn   | Place    | Note
-------+----------+-------------------------------------------
     0 | D:1      | funkygono the Gargoyle Fire Elementalist began the quest
                  | for the Orb.
     0 | D:1      | Reached XP level 1. HP: 10/10 MP: 3/3
   161 | D:1      | Reached XP level 2. HP: 15/15 MP: 0/5
   164 | D:1      | Learned a level 2 spell: Scorch
   477 | D:1      | Found a faded altar of an unknown god.
   733 | D:1      | Reached XP level 3. HP: 19/19 MP: 0/6
   737 | D:1      | Learned a level 3 spell: Volatile Blastmotes
  1706 | D:2      | Reached XP level 4. HP: 24/24 MP: 1/8
  2011 | D:2      | Reached skill level 4 in Fire Magic
  3153 | D:2      | Slain by a gnoll

Illustrated notes

Levels and vault maps discovered:
D:1:      mrwooster_arrival_statue, layout_loops_corners,
          hellmonk_ecumenical_altar_zigzags, minmay_tromino_i2
D:2:      layout_loops_corners, minmay_misc_feat_diagonals, grunt_ministairs_9
D:3:      layout_basic, uniq_crazy_yiuf_cottage

Skill      XL: |  1  2  3  4 |
---------------+-------------+-----
Fire Magic     | 4 |  4.0
Conjurations   | 2 |  2.0
Maces & Flails | |  0.9
Dodging        | |  1.7
Stealth        | |  2.6
Spellcasting   | |  2.9

Action                     |  1- 3 |  4- 6 || total
---------------------------+-------+-------++-------
  Melee: Club              |       |    16 ||    16
   Cast: Foxfire           |    59 |    51 ||   110
         Scorch            |     3 |     5 ||     8
    Use: Scroll            |       |     7 ||     7
 Armour: Robe              |    11 |    23 ||    34
  Dodge: Dodged            |     7 |    17 ||    24

Table legend: (Time is in decaauts)
 A = Elapsed time spent in this place.
 B = Non-inter-level travel time spent in this place.
 C = Inter-level travel time spent in this place.
 D = Time resting spent in this place.
 E = Time spent auto-exploring this place.
 F = Levels seen in this place.
 G = Mean time per level.
                   A        B        C        D        E       F      G
               +--------+--------+--------+--------+--------+-----+--------+
         Total |   3156 |   3069 |     87 |     46 |   2575 |   3 | 1052.0 |
       Dungeon |   3156 |   3069 |     87 |     46 |   2575 |   3 | 1052.0 |
               +--------+--------+--------+--------+--------+-----+--------+

Top non-repeatable levels by time:
     D:1: 1395 daAuts
     D:2: 1337 daAuts
     D:3: 423 daAuts
